 Dungeon Crawl Stone Soup version 0.31.0-11-ge490571c62 (webtiles) character file.

Game seed: 3002846062252309965

44 qw the Shooter (level 3, -1/20 HPs)
             Began as a Deep Elf Hunter on Feb 3, 2024.
             Slain by a jackal (2 damage)
             ... on level 2 of the Dungeon.
             The game lasted 00:00:04 (1295 turns).

qw the Shooter (Deep Elf Hunter)                    Turns: 1295, Time: 00:00:05

Health: -1/20      AC:  3    Str: 10    XL:     3   Next: 39%
Magic:  5/5        EV: 12    Int: 13    God:
Gold:   38         SH:  0    Dex: 18    Spells: 2/2 levels left

rFire   . . .        a - +0 shortbow
rCold   . . .        (shield currently unavailable)
rNeg    . . .        c - +0 leather armour
rPois   .            (no helmet)
rElec   .            (no cloak)
rCorr   +            (no gloves)
SInv    .            (no boots)
Will    .....        (no amulet)
Stlth   ++           b - ring of resist corrosion
HPRegen 0.23/turn    (no ring)
MPRegen 0.09/turn

%: no passive effects
@: about to teleport
A: no striking features
a: no special abilities


You were on level 2 of the Dungeon.
You visited 1 branch of the dungeon, and saw 3 of its levels.

You collected 80 gold pieces.
You spent 42 gold pieces at shops.


   Skills:
 - Level 1.5 Fighting
 + Level 7.0 Ranged Weapons
 - Level 2.4 Dodging
 - Level 1.2 Stealth


You had 2 spell levels left.
You didn't know any spells.
Your spell library was empty.

Inventory:

Hand Weapons
 a - a +0 shortbow (weapon)
Armour
 c - a +0 leather armour (worn)
Jewellery
 b - a ring of resist corrosion (left hand)
Potions
 d - a potion of lignification {unknown}
 g - a potion of curing {unknown}

Dungeon Overview and Level Annotations

Branches:
Dungeon (3/15)

Altars:

Shops:
D:2 ?(


Message History

The jackal closely misses you. The jackal barely misses you.
The jackal closely misses you. The adder bites you.
You climb upwards.
There is a stone staircase leading down here.
You shoot an arrow. The arrow closely misses the jackal.
The jackal bites you. The jackal barely misses you.
The jackal completely misses you.
The endoplasm hits you but does no damage.
The jackal closely misses you.
The jackal bites you but does no damage. x2
You shoot an arrow. The arrow barely misses the jackal.
The endoplasm closely misses you. The jackal closely misses you. x2
The jackal bites you but does no damage.
You shoot an arrow. The arrow misses the jackal.
The jackal bites you but does no damage.
The jackal barely misses you.
The jackal bites you but does no damage.
The endoplasm closely misses you. The jackal closely misses you.
The jackal bites you but does no damage.
The jackal barely misses you.
You shoot an arrow. The arrow barely misses the jackal.
The endoplasm freezes you.
You are frozen.
The jackal barely misses you. The jackal closely misses you.
The jackal bites you.
You shoot an arrow. The arrow closely misses the jackal.
The jackal bites you. The jackal closely misses you. The jackal bites you.
The endoplasm hits you. The jackal barely misses you.
The jackal closely misses you. The jackal bites you.
The endoplasm barely misses you.
1294 ||| READING scroll of teleportation.
As you read the scroll of teleportation, it crumbles to dust.
You feel strangely unstable.
The jackal bites you but does no damage. x2
The jackal completely misses you. The endoplasm barely misses you.
You shoot an arrow. The arrow hits the jackal!
You kill the jackal!
The jackal bites you. The jackal misses you.
The endoplasm hits you but does no damage.
The jackal bites you.
You die...

.##### #.# .....#
######.####
.###.####.........#
.#.....#.###.#.##.#
.#......## ##.....#
........# #..##.#
.#......## ##.###.#
##.....#.###...##%#
#########.....Sh@J#
..# ####.#.##h# #.#
#.....<# ยค.##
###.#### ...# #.#
.#.# ########.#
.#.####........#
........########
##.######


You could see an adder, an endoplasm and 2 jackals.

Vanquished Creatures
  A ribbon worm (D:2)
  2 ball pythons
  2 bats
  An endoplasm (D:2)
  A giant cockroach (D:1)
  7 goblins
  5 hobgoblins
  5 jackals
  2 kobolds
  3 quokkas
  4 frilled lizards
  3 rats
36 creatures vanquished.

Notes
Turn   | Place    | Note
-------+----------+-------------------------------------------
     0 | D:1      | qw the Deep Elf Hunter began the quest for the Orb.
     0 | D:1      | Reached XP level 1. HP: 12/12 MP: 3/3
     0 | D:1      | 0 ||| qw: Version: 0.3-a-157-g843a77d
     0 | D:1      | 0 ||| qw: Game counter: 3693
     0 | D:1      | 0 ||| qw: Melee chars always use a shield: true
     0 | D:1      | 0 ||| qw: God list: Okawaru
     0 | D:1      | 0 ||| qw: Allow faded altars: false
     0 | D:1      | 0 ||| qw: Do Orc after clearing Dungeon:15 true
     0 | D:1      | 0 ||| qw: Do second Lair branch before Depths: true
     0 | D:1      | 0 ||| qw: Lair rune preference: random
     0 | D:1      | 0 ||| qw: Goals: Normal
     0 | D:1      | 0 ||| PLANNING D:1-11
   121 | D:1      | Reached XP level 2. HP: 16/16 MP: 4/4
   196 | D:1      | Reached skill level 6 in Ranged Weapons
   600 | D:1      | 600 ||| READING scroll labelled OGYAZXENKA.
   601 | D:1      | 601 ||| READING scroll labelled NOITHE OQESO.
   606 | D:1      | 606 ||| DROPPING scroll of butterflies.
   815 | D:2      | Reached XP level 3. HP: 20/20 MP: 5/5
   941 | D:2      | Found Qirrunt's Magic Scroll Shop.
   971 | D:2      | 971 ||| SHOPLISTING scroll of brand weapon (133 gold, have
                  | 55).
   971 | D:2      | 971 ||| SHOPLISTING scroll of enchant armour (105 gold,
                  | have 55).
   971 | D:2      | 971 ||| BUYING scroll of teleportation (42 gold).
   971 | D:2      | Bought a scroll of teleportation for 42 gold pieces
   971 | D:2      | 971 ||| SHOPLISTING scroll of teleportation (42 gold, have
                  | 13).
  1122 | D:2      | Found Xorusm's Antique Weapon Shoppe.
  1185 | D:2      | 1185 ||| UPGRADING to ring of resist corrosion.
  1186 | D:2      | 1186 ||| READING scroll labelled NEUL HAUWATYH.
  1187 | D:2      | 1187 ||| READING scroll labelled NOWKOE VUESOT.
  1217 | D:3      | 1217 ||| STAIRDANCE
  1229 | D:2      | Reached skill level 7 in Ranged Weapons
  1287 | D:3      | 1287 ||| STAIRDANCE
  1293 | D:2      | HP: 4/20 [endoplasm (2)]
  1293 | D:2      | HP: 1/20 [jackal (3)]
  1294 | D:2      | 1294 ||| READING scroll of teleportation.
  1295 | D:2      | Slain by a jackal

Levels and vault maps discovered:
D:1:      reono_arrival_mine, layout_basic
D:2:      layout_loops_cross, serial_shops, nicolae_shop_overgrown_old_shop,
          nicolae_shop_stone, minmay_pentomino_t2
D:3:      layout_rooms, mainiacjoe_overflow_surrounded_room,
          hellmonk_ecumenical_altar_pennies_from_heaven,
          minmay_gold_behind_fungi, grunt_ministairs_9

Skill      XL: |  1  2  3 |
---------------+----------+-----
Ranged Weapons | 6 7 |  7.0
Fighting       | |  1.5
Dodging        | |  2.4
Stealth        | |  1.2

Action                     || total
---------------------------++-------
   Fire: Shortbow          ||   106
    Use: Scroll            ||     5
 Armour: Leather armour    ||    53
  Dodge: Dodged            ||    65

Table legend:
 A = Non-vault XP
 B = Vault XP
 C = Vault XP percentage of total XP
 D = Non-vault monster count
 E = Vault monster count
 F = Vault count percentage of total count
                 A         B        C        D         E       F
            +---------+---------+-------+---------+---------+-------
      Total |      56 |       9 |  13.8 |      33 |       3 |   8.3
            +---------+---------+-------+---------+---------+-------
        D:1 |      32 |       0 |   0.0 |      18 |       0 |   0.0
        D:2 |      24 |       9 |  27.3 |      15 |       3 |  16.7
            +---------+---------+-------+---------+---------+-------
